 Dungeon Crawl Stone Soup version 0.27.0-1-g7a089689b8 (webtiles) character file.

Game seed: 8549117637440377625

268 Demosthentine the Poker (level 6, 0/48 HPs)
             Began as a Merfolk Gladiator on Aug 1, 2021.
             Slain by a gnoll (1 damage)
             ... on level 3 of the Dungeon.
             The game lasted 00:02:28 (2587 turns).

Demosthentine the Poker (Merfolk Gladiator)         Turns: 2587, Time: 00:02:29

Health: 0/48       AC:  4    Str: 16    XL:     6   Next: 21%
Magic:  6/6        EV: 14    Int:  8    God:
Gold:   116        SH:  0    Dex: 15    Spells: 5/5 levels left

rFire    . . .     SeeInvis .   a - +0 trident
rCold    . . .     Faith    .   (no shield)
rNeg     . . .     Spirit   .   b - +0 leather armour
rPois    .         Reflect  .   c - +0 helmet
rElec    .         Harm     .   (no cloak)
rCorr    .         Rampage  .   (no gloves)
Will     .....                  (no boots)
Stlth    +.........             (no amulet)
HPRegen  0.16/turn              (no ring)
MPRegen  0.10/turn              (no ring)

@: no status effects
A: (nimble swimmer 2), mertail
a: no special abilities


You were on level 3 of the Dungeon.
You visited 1 branch of the dungeon, and saw 3 of its levels.

You collected 116 gold pieces.

Inventory:

Hand Weapons
 a - a +0 trident (weapon)
Missiles
 d - 2 throwing nets (quivered)
Armour
 b - a +0 leather armour (worn)
 c - a +0 helmet (worn)
 m - a +0 buckler
Scrolls
 f - a scroll of amnesia
 k - a scroll of identify
Potions
 e - 3 potions of might
 g - a potion of lignification
 h - a potion of curing {unknown}
 i - a potion of attraction {unknown}
 j - a potion of haste {unknown}
 l - a potion of heal wounds {unknown}


   Skills:
 + Level 3.9 Fighting
 + Level 6.2 Polearms
 - Level 2.0 Throwing
 + Level 1.9 Armour
 + Level 5.6 Dodging
 + Level 0.1 Shields


You had 5 spell levels left.
You didn't know any spells.
Your spell library contained the following spells:

 Spells                   Type           Power      Damage    Failure   Level
 Foxfire                  Conj/Fire      0%         2x1d4     47%         1
 Magic Dart               Conj           0%         1d3       47%         1
 Call Imp                 Summ           0%         N/A       63%         2
 Conjure Flame            Conj/Fire      0%         6-21      85%         3
 Inner Flame              Hex/Fire       0%         N/A       85%         3
 Mephitic Cloud           Conj/Pois/Air  0%         N/A       85%         3
 Portal Projectile        Hex/Tloc       0%         N/A       85%         3
 Blade Hands              Tmut           0%         N/A       100%        5
 Excruciating Wounds      Necr           0%         N/A       100%        5


Dungeon Overview and Level Annotations

Branches:
Dungeon (3/15)

Altars:
Hepliaklqana
Vehumet


Innate Abilities, Weirdness & Mutations

((You are quick and stealthy near water. (Stealth+, EV+, Speed+++)))
Your lower body shifts to a powerful aquatic tail in water.


Message History

The hobgoblin misses you.
The gnoll hits you from afar with a +2 vorpal spear.
You are too injured to fight recklessly!
You are too injured to fight recklessly!
You are too injured to fight recklessly!
You are too injured to fight recklessly!
You are too injured to fight recklessly!
You are too injured to fight recklessly!
You are too injured to fight recklessly!
You are too injured to fight recklessly!
You are too injured to fight recklessly!
You are too injured to fight recklessly!
You are too injured to fight recklessly!
You are too injured to fight recklessly!
You are too injured to fight recklessly!
You are too injured to fight recklessly!
Unknown command.
You barely miss the hobgoblin.
The hobgoblin is severely wounded.
The hobgoblin closely misses you.
The gnoll hits you from afar with a +2 vorpal spear.
Reach: a) +0 trident
Press: ? - help, Dir - move target, f - gnoll, p - hobgoblin
Aim: a gnoll, wielding a +2 vorpal spear (about 35% to evade your +0 trident)
You reach to attack!
You puncture the gnoll!
The gnoll is heavily wounded.
The hobgoblin hits you.
* * * LOW HITPOINT WARNING * * *
The gnoll hits you from afar with a +2 vorpal spear.
* * * LOW HITPOINT WARNING * * *
x2 Reach: a) +0 trident
Press: ? - help, Dir - move target, f/p - gnoll
Aim: a gnoll, wielding a +2 vorpal spear (heavily wounded, about 35% to evade your +0 trident)
You reach to attack!
You hit the gnoll.
The gnoll is almost dead.
The hobgoblin hits you.
* * * LOW HITPOINT WARNING * * *
The gnoll hits you from afar with a +2 vorpal spear.
* * * LOW HITPOINT WARNING * * *
You die...

.######### ##.......#
##.#####.# ##.#.....#
##.#.##..##### ##.#..#......#
##.##.#.####.# ...$.
##....#.# #.########### .....
#######.# #....@gggg<.# .....
# ###.#
#..######'''######.... #
#...####..#...'.....'...#g...
#
#.........#._.'.888.'._.#g...
#
#.........#...'.g...'...#....
#
#..)......######''g######.†..
#............# #..g....g.....
#.........^..# #.............
#............# ###†..........


You could see 3 gnolls and a hobgoblin.

Vanquished Creatures
  Sigmund (D:2)
  Jessica (D:1)
  A gnoll (D:3)
  3 adders (D:2)
  A worm (D:2)
  2 dart slugs (D:2)
  2 orcs (D:3)
  7 endoplasms
  A goblin (D:2)
  4 hobgoblins
  3 quokkas (D:1)
  2 ball pythons (D:1)
  3 bats
  4 frilled lizards
  4 kobolds
  8 rats
47 creatures vanquished.

Vanquished Creatures (others)
  6 fungi (D:2)
  4 plants (D:2)
10 creatures vanquished.

Grand Total: 57 creatures vanquished

Notes
Turn   | Place    | Note
-------+----------+-------------------------------------------
     0 | D:1      | Demosthentine the Merfolk Gladiator began the quest for the
                  | Orb.
     0 | D:1      | Reached XP level 1. HP: 16/16 MP: 1/1
   168 | D:1      | Reached XP level 2. HP: 14/23 MP: 2/2
   695 | D:2      | Noticed Sigmund
   696 | D:2      | Noticed Jessica
   986 | D:2      | HP: 1/23 [Jessica/nerve-wracking pain (12)]
  1301 | D:1      | Killed Jessica
  1302 | D:1      | Reached skill level 5 in Polearms
  1302 | D:1      | Reached XP level 3. HP: 7/28 MP: 3/3
  1541 | D:2      | Killed Sigmund
  1542 | D:2      | Reached skill level 1 in Armour
  1542 | D:2      | Reached skill level 5 in Dodging
  1542 | D:2      | Reached XP level 4. HP: 33/36 MP: 4/4
  1542 | D:2      | Reached XP level 5. HP: 38/41 MP: 5/5
  1585 | D:2      | Reached skill level 6 in Polearms
  1722 | D:2      | Reached XP level 6. HP: 46/48 MP: 6/6
  1903 | D:2      | Found a faded altar of an unknown god.
  2462 | D:3      | Found a hazy altar of Hepliaklqana.
  2477 | D:3      | Found a radiant altar of Vehumet.
  2587 | D:3      | HP: 1/48 [gnoll (5)]
  2587 | D:3      | Slain by a gnoll

Illustrated notes

Levels and vault maps discovered:
D:1:      dpeg_arrival_shrine, layout_basic
D:2:      layout_rooms, shapermc_ecumenical_altar_mp_urbaneastern,
          serial_bayou_crossing, uniq_jessica, uniq_sigmund
D:3:      layout_basic, mainiacjoe_overflow_big_doors

Skill      XL: |  1  2  3  4  5 |
---------------+----------------+-----
Polearms       | 5 6 |  6.2
Fighting       | 3 |  3.9
Armour         | 1 |  1.9
Dodging        | 5 |  5.6
Throwing       | |  2.0
Shields        | |  0.1

Action                   |  1- 3 |  4- 6 || total
-------------------------+-------+-------++-------
Melee: Trident           |    63 |    96 ||   159
Throw: Throwing net      |     1 |       ||     1
  Use: Scroll            |     1 |     2 ||     3
 Stab: Sleeping          |     1 |     3 ||     4
Armor: Leather armour    |    11 |    13 ||    24
Dodge: Dodged            |    28 |    38 ||    66
